 Dungeon Crawl Stone Soup version 0.26.1-11-gd32895ea62 (webtiles) character file.

Game seed: 11962304272116826273

114 Gwenloh the Cutter (level 5, -10/34 HPs)
             Began as a Halfling Warper on May 6, 2021.
             Mangled by Crazy Yiuf
             ... wielding a +2 quarterstaff of chaos
              (12 damage)
             ... on level 2 of the Dungeon.
             The game lasted 00:08:32 (2120 turns).

Gwenloh the Cutter (Halfling Warper)                Turns: 2120, Time: 00:08:33

Health: -10/34     AC:  5    Str: 12    XL:     5   Next: 18%
Magic:  7/7        EV: 14    Int: 12    God:
Gold:   112        SH:  0    Dex: 14    Spells: 2/7 levels left

rFire    . . .     SeeInvis .   a - +1 dagger (venom)
rCold    . . .     Faith    .   (shield restricted)
rNeg     . . .     Spirit   .   s - +0 leather armour
rPois    .         Reflect  .   h - +2 hat {Will+}
rElec    .         Harm     .   (no cloak)
rCorr    .         Rampage  .   (no gloves)
Will     +....                  (no boots)
Stlth    +.........             (no amulet)
HPRegen  0.11/turn              (no ring)
MPRegen  0.10/turn              (no ring)

@: brilliant, lethally poisoned (-10 -> -14)
A: small, mutation resistance 1
a: no special abilities


You were on level 2 of the Dungeon.
You visited 1 branch of the dungeon, and saw 2 of its levels.

You collected 112 gold pieces.

Inventory:

Hand Weapons
 a - a +1 dagger of venom (weapon)
 b - a +0 hunting sling
 m - a +4 whip
 q - a +1 dagger of venom
 t - a cursed +0 dagger
Missiles
 e - 4 boomerangs of dispersal (quivered)
 f - 30 sling bullets
 g - 55 stones
Armour
 h - a +2 hat of willpower (worn)
 s - a +0 leather armour (worn)
Scrolls
 d - a scroll of blinking
 i - a scroll of enchant armour {unknown}
 j - a scroll of immolation {unknown}
 o - a scroll of amnesia {unknown}
 p - 3 scrolls of identify {unknown}
 u - a scroll of teleportation {unknown}
Potions
 c - a potion of brilliance
 k - a potion of berserk rage {unknown}
 n - a potion of magic {unknown}
 r - a potion of attraction {unknown}


   Skills:
 - Level 1.7 Fighting
 - Level 5.1 Short Blades
 * Level 1.0(1.4) Slings
 - Level 1.0(1.1) Throwing
 - Level 1.1 Armour
 - Level 2.1 Dodging
 - Level 1.5 Spellcasting
 + Level 4.2 Translocations


You had 2 spell levels left.
You knew the following spells:

 Your Spells              Type           Power        Failure   Level
a - Blink                 Tloc           N/A          10%         2
b - Gell's Gravitas       Tloc           8%           19%         3

Your spell library contained the following spells:

 Spells                   Type           Power        Failure   Level
 Lesser Beckoning         Tloc           8%           19%         3
 Teleport Other           Tloc           16%          19%         3
 Passage of Golubria      Tloc           N/A          54%         4


Dungeon Overview and Level Annotations

Branches:
Dungeon (2/15)

Altars:

Annotations:
D:2 Crazy Yiuf


Innate Abilities, Weirdness & Mutations

You are small and have problems with some larger weapons.
You are somewhat resistant to further mutation.


Message History

Crazy Yiuf hits you with a +2 quarterstaff of chaos!
Crazy Yiuf freezes you.
Crazy Yiuf hits you with a +2 quarterstaff of chaos.
Crazy Yiuf burns you.
Crazy Yiuf hits you with a +2 quarterstaff of chaos.
* * * LOW HITPOINT WARNING * * *
Crazy Yiuf sings, "Trees, trees, trees, circus!"
Crazy Yiuf hits you but does no damage.
Crazy Yiuf hits you with a +2 quarterstaff of chaos.
* * * LOW HITPOINT WARNING * * *
You are lethally poisoned!
* * * LOW HITPOINT WARNING * * *
You feel sick.
Crazy Yiuf hits you with a +2 quarterstaff of chaos.
* * * LOW HITPOINT WARNING * * *
You can move again.
It was a potion of brilliance.
You feel clever all of a sudden.
Crazy Yiuf hits you with a +2 quarterstaff of chaos!
You die...

.. .# .##
..# ..# #..#
..# #..#
..##+###..##
#####
...........#
#)()#
...........#
#)))#
†.)........#
#)g)#
....)......#
#@#
##.........#
♣♣)♣
#.........#
♣)♣♣
#.........#
♣♣)♣
#####..#.##
♣)♣♣ #.....#
♣♣)♣♣
##.#.##
♣)..♣♣
##...#
♣....♣
#....#
#....#


You could see Crazy Yiuf.

Vanquished Creatures
  A bullfrog (D:2)
  3 worms (D:2)
  3 leopard geckos (D:1)
  4 giant cockroaches (D:1)
  2 goblins
  4 hobgoblins
  A quokka (D:2)
  2 ball pythons (D:1)
  5 bats (D:1)
  3 frilled lizards
  9 kobolds
  5 rats
42 creatures vanquished.

Notes
Turn   | Place    | Note
-------+----------+-------------------------------------------
     0 | D:1      | Gwenloh the Halfling Warper began the quest for the Orb.
     0 | D:1      | Reached XP level 1. HP: 14/14 MP: 3/3
    75 | D:1      | Reached skill level 3 in Short Blades
   482 | D:1      | Reached XP level 2. HP: 19/19 MP: 4/4
   485 | D:1      | Learned a level 2 spell: Blink
  1009 | D:1      | Reached XP level 3. HP: 19/24 MP: 5/5
  1013 | D:1      | Learned a level 3 spell: Gell's Gravitas
  1320 | D:1      | Reached skill level 4 in Short Blades
  1729 | D:2      | Noticed a bullfrog
  1747 | D:2      | Killed a bullfrog
  1748 | D:2      | Reached skill level 5 in Short Blades
  1748 | D:2      | Reached XP level 4. HP: 20/29 MP: 6/6
  1748 | D:2      | Reached XP level 5. HP: 23/34 MP: 7/7
  2016 | D:2      | Reached skill level 1 in Slings
  2102 | D:2      | Found a runed translucent door.
  2103 | D:2      | Noticed Crazy Yiuf
  2112 | D:2      | Paralysed by Crazy Yiuf for 7 turns
  2120 | D:2      | Mangled by Crazy Yiuf

Illustrated notes

Levels and vault maps discovered:
D:1:      dpeg_arrival_boxorama, layout_basic, minmay_misc_feat_doors,
          st_stairs_9, hangedman_decor_growths
D:2:      layout_basic, uniq_crazy_yiuf_cottage

Skill      XL: |  1  2  3  4  5 |
---------------+----------------+-----
Short Blades   | 3 5 |  5.1
Translocations | 4 |  4.2
Slings         | 1 |  1.0
Fighting       | |  1.7
Throwing       | |  1.0
Armour         | |  1.1
Dodging        | |  2.1
Spellcasting   | |  1.5

Action                   |  1- 3 |  4- 6 || total
-------------------------+-------+-------++-------
Melee: Short sword       |    75 |       ||    75
       Dagger            |    66 |     8 ||    74
 Fire: Hunting sling     |       |    30 ||    30
Throw: Boomerang         |     1 |       ||     1
       Stone             |     3 |       ||     3
       Throwing net      |     2 |     2 ||     4
  Use: Potion            |       |     1 ||     1
Armor: Leather armour    |    38 |     2 ||    40
Dodge: Dodged            |    94 |     5 ||    99
